 Dungeon Crawl Stone Soup version 0.28.0 (webtiles) character file.

Game seed: 7768521564870470274

49 HallandMoats the Skirmisher (level 3, 0/34 HPs)
             Began as a Minotaur Monk on Feb 6, 2022.
             Slain by an orc wizard (1 damage)
             ... on level 2 of the Dungeon.
             The game lasted 00:01:20 (1287 turns).

HallandMoats the Skirmisher (Minotaur Monk)         Turns: 1287, Time: 00:01:21

Health: 0/34       AC:  3    Str: 15    XL:     3   Next: 51%
Magic:  2/2        EV: 12    Int:  7    God:
Gold:   47         SH:  0    Dex: 14    Spells: 2/2 levels left

rFire   . . .      SeeInvis .   a - +0 hand axe
rCold   . . .      Faith    .   (no shield)
rNeg    . . .      Spirit   .   e - +0 leather armour
rPois   .          Reflect  .   (helmet restricted)
rElec   .          Harm     .   (no cloak)
rCorr   .          Rampage  .   (no gloves)
Will    .....                   (no boots)
Stlth   ++........              (no amulet)
HPRegen 0.11/turn               (no ring)
MPRegen 0.08/turn               (no ring)

@: no status effects
A: horns 2, retaliatory headbutt
a: no special abilities


You were on level 2 of the Dungeon.
You visited 1 branch of the dungeon, and saw 2 of its levels.

You collected 47 gold pieces.

Inventory:

Hand Weapons
 a - a +0 hand axe (weapon)
Armour
 e - a +0 leather armour (worn)
Scrolls
 b - a scroll of amnesia {unknown}
 c - a scroll of identify {unknown}
Potions
 d - a potion of curing {unknown}


   Skills:
 * Level 4.3 Fighting
 * Level 4.3 Axes
 + Level 1.2 Armour
 + Level 3.6 Dodging
 - Level 1.5 Stealth
 + Level 0.3 Invocations


You had 2 spell levels left.
You didn't know any spells.
Your spell library was empty.

Dungeon Overview and Level Annotations

Branches:
Dungeon (2/15)

Altars:


Innate Abilities, Weirdness & Mutations

You have a pair of horns on your head.
You reflexively headbutt those who attack you in melee.


Message History

You're too confused to attack without stumbling around!
You're too confused to attack without stumbling around!
You're too confused to attack without stumbling around!
You miss something. Something hits you.
You hear some strange, mumbled words.
Something tries to affect you, but you resist.
You bump into the rock wall.
Something hits you but does no damage.
You bump into the rock wall.
Something hits you but does no damage.
You bump into the rock wall.
Something hits you.
You hear some strange, mumbled words.
You are more confused.
Something hits you but does no damage. Something hits you.
You bump into the rock wall.
The hobgoblin hits you. Something hits you but does no damage.
You bump into the rock wall.
The hobgoblin misses you. Something hits you.
* * * LOW HITPOINT WARNING * * *
You bump into the rock wall.
The hobgoblin barely misses you.
You bump into the rock wall.
Something completely misses you. The hobgoblin misses you.
You hit the hobgoblin.
You kill the hobgoblin!
You barely miss something. Something hits you.
* * * LOW HITPOINT WARNING * * *
Something hits you.
* * * LOW HITPOINT WARNING * * *
You closely miss the orc. You barely miss something.
You feel less confused. The orc hits you with a +0 dagger.
* * * LOW HITPOINT WARNING * * *
Something hits you but does no damage.
You hit the orc but do no damage. You headbutt the orc!
You kill the orc!
You completely miss something. Something hits you.
* * * LOW HITPOINT WARNING * * *
Something hits you.
* * * LOW HITPOINT WARNING * * *
Items here: ) [ ††.
Something hits you.
You die...

#........#
#........#
####........#
#...........#
#...######+##
#.(.# #...#
###...#
#..)@.#
#.##)## #.
#.# .. #..
### ##.# .#
.# .#


There were no monsters in sight!

Vanquished Creatures
  An adder (D:2)
  A dart slug (D:1)
  3 orcs (D:2)
  4 endoplasms
  2 giant cockroaches (D:1)
  2 goblins (D:1)
  3 hobgoblins
  3 jackals (D:2)
  2 quokkas (D:1)
  A ball python (D:1)
  5 bats (D:1)
  2 kobolds (D:1)
  3 rats (D:1)
32 creatures vanquished.

Notes
Turn   | Place    | Note
-------+----------+-------------------------------------------
     0 | D:1      | HallandMoats the Minotaur Monk began the quest for the Orb.
     0 | D:1      | Reached XP level 1. HP: 19/19 MP: 0/0
   169 | D:1      | Reached XP level 2. HP: 16/27 MP: 1/1
   679 | D:1      | Found a faded altar of an unknown god.
  1026 | D:1      | Reached skill level 1 in Armour
  1093 | D:2      | Reached XP level 3. HP: 24/33 MP: 2/2
  1286 | D:2      | HP: 1/34 [something (1)]
  1287 | D:2      | Slain by an orc wizard

Illustrated notes

Levels and vault maps discovered:
D:1:      dpeg_arrival_rooms_c, layout_loops_cross,
          chequers_ecumenical_altar_twisty, grunt_decor_resistance,
          skrybe_limestone_x, chequers_decorated_corner
D:2:      layout_basic

Skill      XL: |  1  2 |
---------------+-------+-----
Fighting       | 4 |  4.3
Axes           | 4 |  4.3
Armour         | 1 |  1.2
Dodging        | |  3.6
Stealth        | |  1.5
Invocations    | |  0.3

Action                   || total
-------------------------++-------
Melee: Hand axe          ||    76
       Headbutt          ||    14
       Punch             ||     1
 Stab: Sleeping          ||     4
Armor: Robe              ||     4
       Leather armour    ||    15
Dodge: Dodged            ||    52
